 Dungeon Crawl Stone Soup version 0.26-a0-547-g695e311587 (webtiles) character file.

Game seed: 197703910371064599

52 GeoCrane the Magician (level 3, 0/20 HPs)
             Began as a Deep Elf Transmuter on Aug 20, 2020.
             Succumbed to an adder's poison
             ... on level 2 of the Dungeon.
             The game lasted 00:08:53 (2197 turns).

GeoCrane the Magician (Deep Elf Transmuter)         Turns: 2197, Time: 00:08:53

Health: 0/20       AC:  5    Str:  7    XL:     3   Next: 60%
Magic:  10/10      EV: 13    Int: 18    God:
Gold:   74         SH:  0    Dex: 15    Spells: 6/9 levels left

rFire    . . .     SeeInvis .     - Unarmed
rCold    . . .     Faith    .   (no shield)
rNeg     . . .     Spirit   .   a - +0 robe
rPois    .         Reflect  .   (no helmet)
rElec    .         Harm     .   (no cloak)
rCorr    .                      (no gloves)
MR       .....                  c - +2 pair of boots
Stlth    +.........             (no amulet)
HPRegen  0.06/turn              (no ring)
MPRegen  0.12/turn              (no ring)

@: lethally poisoned (0 -> -11)
A: no striking features
a: no special abilities


You were on level 2 of the Dungeon.
You visited 1 branch of the dungeon, and saw 2 of its levels.

You collected 74 gold pieces.

Inventory:

Armour
 a - a +0 robe (worn)
 c - a +2 pair of boots (worn)
Scrolls
 b - a scroll of remove curse {unknown}
 d - 3 scrolls of magic mapping {unknown}
Potions
 e - 2 potions of haste {unknown}
 f - a potion of flight {unknown}


   Skills:
 - Level 0.7 Fighting
 + Level 3.1 Dodging
 - Level 2.4 Unarmed Combat
 + Level 3.7 Spellcasting
 * Level 3.5 Transmutations


You had 6 spell levels left.
You knew the following spells:

 Your Spells              Type           Power        Failure   Level
a - Beastly Appendage     Tmut           ###...       3%          1
b - Wereblood             Tmut           ###.....     5%          2

Your spell library contained the following spells:

 Spells                   Type           Power        Failure   Level
 Spider Form              Tmut/Pois      #.........   22%         3
 Ice Form                 Ice/Tmut       #.......     58%         4
 Blade Hands              Tmut           ###.......   69%         5


Dungeon Overview and Level Annotations

Branches:
Dungeon (2/15)

Altars:


Message History

You feel sick. The adder completely misses you.
You hit the adder but do no damage.
The adder is severely wounded.
* * * LOW HITPOINT WARNING * * *
You feel sick. The adder bites you.
* * * LOW HITPOINT WARNING * * *
You are more poisoned.
The adder poisons you!
You closely miss the adder. You punch the adder, but do no damage.
The adder is severely wounded.
The adder barely misses you. x2
You hit the adder.
The adder is almost dead.
* * * LOW HITPOINT WARNING * * *
You feel sick. The adder bites you but does no damage.
You hit the adder.
You kill the adder!
* * * LOW HITPOINT WARNING * * *
You feel sick. The bat completely misses you.
You die...

.# .# .# .#
.# .###.##
#####b.....?
#...@[....#
#.#########
#.# #.# #.#
#.# #.# #.#
#.#


You could see a bat.

Vanquished Creatures
  An adder (D:2)
  3 worms (D:2)
  3 dart slugs
  A giant cockroach (D:2)
  5 goblins
  3 hobgoblins
  A quokka (D:2)
  6 bats
  2 frilled lizards
  A kobold (D:2)
  3 rats (D:2)
29 creatures vanquished.

Notes
Turn   | Place    | Note
-------+----------+-------------------------------------------
     0 | D:1      | GeoCrane the Deep Elf Transmuter began the quest for the
                  | Orb.
     0 | D:1      | Reached XP level 1. HP: 11/11 MP: 6/6
   297 | D:1      | Reached XP level 2. HP: 12/16 MP: 8/8
   306 | D:1      | Learned a level 2 spell: Wereblood
  1414 | D:2      | Reached XP level 3. HP: 10/20 MP: 10/10
  2196 | D:2      | HP: 1/20 [poisoned by an adder]
  2197 | D:2      | Succumbed to an adder's poison

Illustrated notes

Levels and vault maps discovered:
D:1:      dpeg_arrival_round_b, layout_loops_ring
D:2:      layout_loops_ring, uniq_crazy_yiuf_cottage

Skill      XL: |  1  2 |
---------------+-------+-----
Transmutations | 3 |  3.5
Dodging        | 3 |  3.1
Fighting       | |  0.7
Unarmed Combat | |  2.4
Spellcasting   | |  3.7

Action                   || total
-------------------------++-------
Melee: Unarmed           ||   215
       Kick              ||     6
       Punch             ||     1
 Cast: Beastly Appendage ||     4
       Wereblood         ||     1
 Stab: Sleeping          ||     2
Armor: Robe              ||    61
Dodge: Dodged            ||   154

Table legend: (Time is in decaauts)
 A = Elapsed time spent in this place.
 B = Non-inter-level travel time spent in this place.
 C = Inter-level travel time spent in this place.
 D = Time resting spent in this place.
 E = Time spent auto-exploring this place.
 F = Levels seen in this place.
 G = Mean time per level.
                   A        B        C        D        E       F      G
               +--------+--------+--------+--------+--------+-----+--------+
         Total |   2187 |   2187 |      0 |      0 |   1822 |   2 | 1093.5 |
       Dungeon |   2187 |   2187 |      0 |      0 |   1822 |   2 | 1093.5 |
               +--------+--------+--------+--------+--------+-----+--------+

Top non-repeatable levels by time:
     D:2: 1229 daAuts
     D:1: 957 daAuts
